 Dungeon Crawl Stone Soup version 0.28.0-47-ge53b351184 (webtiles) character file.

Game seed: 16637948402839816656

1946 greasedhog the Spear-Bearer (level 9, -5/64 HPs)
             Began as a Formicid Fighter on May 9, 2022.
             Slain by a lemure (6 damage)
             ... led by Pikel
             ... on level 6 of the Dungeon.
             The game lasted 00:14:02 (7492 turns).

greasedhog the Spear-Bearer (Formicid Fighter)      Turns: 7492, Time: 00:14:02

Health: -5/64      AC: 10    Str: 24    XL:     9   Next: 41%
Magic:  9/9        EV:  7    Int:  7    God:
Gold:   289        SH:  4    Dex: 12    Spells: 8/8 levels left

rFire   . . .      SeeInvis +   s - +0 halberd
rCold   . . .      Faith    .   c - +0 buckler
rNeg    . . .      Spirit   .   i - +0 chain mail
rPois   .          Reflect  .   (helmet unavailable)
rElec   .          Harm     .   e - +0 cloak
rCorr   .          Rampage  .   (no gloves)
Will    +....                   (no boots)
Stlth   ..........              (no amulet)
HPRegen 0.20/turn               k - ring of willpower
MPRegen 0.11/turn               (no ring)

@: mighty
A: permanent stasis, dig shafts and tunnels, antennae 3, four strong arms
a: Dig, Shaft Self


You were on level 6 of the Dungeon.
You visited 1 branch of the dungeon, and saw 6 of its levels.

You collected 309 gold pieces.
You spent 20 gold pieces at shops.

Inventory:

Hand Weapons
 a - a +0 trident
 s - a +0 halberd (weapon)
 x - a +0 glaive
Armour
 c - a +0 buckler (worn)
 e - a +0 cloak (worn)
 f - a +2 leather armour of poison resistance
 i - a +0 chain mail (worn)
 n - a scarf of resistance
Jewellery
 k - a ring of willpower (left hand)
 p - an amulet of the acrobat
Wands
 b - a wand of digging (4)
 d - a wand of iceblast (8)
 g - a wand of polymorph (2)
 j - a wand of mindburst (15)
Scrolls
 m - a scroll of enchant weapon {unknown}
 o - 2 scrolls of immolation
 t - a scroll of identify {unknown}
 u - a scroll of blinking {unknown}
 w - 4 scrolls of fog
 y - a scroll of fear {unknown}
Potions
 l - a potion of invisibility {unknown}
 q - a potion of curing {unknown}
 v - a potion of lignification {unknown}
 z - a potion of brilliance {unknown}
 A - a potion of experience {unknown}
 B - 2 potions of cancellation {unknown}


   Skills:
 - Level 3.2 Fighting
 * Level 11.8 Polearms
 - Level 3.2 Armour
 - Level 3.6 Shields


You had 8 spell levels left.
You didn't know any spells.
Your spell library contained the following spells:

 Spells                   Type           Power      Damage    Failure   Level
 Ensorcelled Hibernation  Hex/Ice        0%         N/A       99%         2
 Passwall                 Tmut/Erth      0%         N/A       99%         2
 Sublimation of Blood     Necr           0%         N/A       99%         2
 Petrify                  Tmut/Erth      0%         N/A       100%        4
 Freezing Cloud           Conj/Ice/Air   0%         6-21      100%        5
 Irradiate                Conj/Tmut      0%         3d13      100%        5
 Simulacrum               Ice/Necr       0%         N/A       100%        6
 Polar Vortex             Ice            0%         N/A       100%        9
 Swiftness                Air            Unusable   N/A       N/A         3

Dungeon Overview and Level Annotations

Branches:
Dungeon (6/15)
 Temple: D:4-7

Altars:
Kikubaaqudgha

Shops:
D:3 *

Annotations:
D:6 Pikel


Innate Abilities, Weirdness & Mutations

You cannot be hasted, slowed, berserked, paralysed or teleported.
You can dig through walls and to a lower floor.
You have a pair of large antennae on your head. (SInv)
Your four strong arms can wield two-handed weapons with a shield.


Message History

You feel much better. The lemure hits you. You block the lemure's attack.
The lemure hits you.
Pikel hits you with a +1 whip of freezing.
Pikel freezes you.
You feel very mighty all of a sudden. The lemure hits you.
You block the lemure's attack. The lemure barely misses you.
Pikel hits you with a +1 whip of freezing.
Pikel freezes you.
You closely miss Pikel.
Pikel is severely wounded.
The lemure hits you!
* * * LOW HITPOINT WARNING * * *
The lemure hits you but does no damage. The lemure barely misses you.
You block Pikel's attack.
You puncture Pikel!
Pikel is almost dead.
The lemure completely misses you. The lemure hits you but does no damage.
The lemure hits you.
* * * LOW HITPOINT WARNING * * *
You closely miss Pikel.
Pikel is almost dead.
Pikel barely misses you. The lemure barely misses you.
The lemure hits you but does no damage. The lemure hits you.
* * * LOW HITPOINT WARNING * * *
You barely miss Pikel.
Pikel is almost dead.
Pikel hits you but does no damage. You block the lemure's attack.
The lemure hits you.
* * * LOW HITPOINT WARNING * * *
You closely miss Pikel.
Pikel is almost dead.
The lemure hits you.
* * * LOW HITPOINT WARNING * * *
Pikel completely misses you. The lemure completely misses you.
The lemure hits you but does no damage.
You closely miss Pikel.
Pikel is almost dead.
The lemure hits you.
You die...

...........# ...........#
...........####
..............# #####
..............####...#####
.........................#
.....................###.#
.............).KP5...#.#.#
................@.P....#.#
..............P55.#....#.##
.........####..PP##.._.#..#
......#### #.....#....#..#
...#### #..........#..#
...# ##.P...P.#.#..# ####
#....P..###..#
##...........#
####........#


You could see Pikel and 3 lemures.

Vanquished Creatures
  Sigmund (D:3)
  Edmund (D:4)
  A water moccasin (D:5)
  2 black bears
  An ice beast (D:6)
  A necrophage (D:6)
  An ogre (D:5)
  A centaur (D:5)
  A lemure (D:6)
  Blork the orc (D:5)
  2 howler monkeys
  A bullfrog zombie (D:6)
  A centaur skeleton (D:4)
  2 hounds
  3 orc priests
  Crazy Yiuf (D:2)
  2 gnoll shamans
  Jessica (D:3)
  Ijyb (D:3)
  Terence (D:2)
  5 iguanas
  2 orc wizards
  Robin (D:1)
  6 adders
  12 gnolls
  An ufetubus (D:6)
  2 adder skeletons (D:4)
  3 worms
  3 dart slugs
  21 orcs
  10 endoplasms
  3 giant cockroaches
  14 goblins
  12 hobgoblins
  9 jackals
  5 kobolds
  7 quokkas
  9 ball pythons
  6 bats
  4 frilled lizards
  11 rats
172 creatures vanquished.

Vanquished Creatures (others)
  2 withered plants (D:6)
2 creatures vanquished.

Grand Total: 174 creatures vanquished

Notes
Turn   | Place    | Note
-------+----------+-------------------------------------------
     0 | D:1      | greasedhog the Formicid Fighter began the quest for the
                  | Orb.
     0 | D:1      | Reached XP level 1. HP: 18/18 MP: 1/1
   227 | D:1      | Reached XP level 2. HP: 22/24 MP: 2/2
   270 | D:1      | Found a faded altar of an unknown god.
   282 | D:1      | Reached skill level 3 in Polearms
   504 | D:1      | Reached XP level 3. HP: 29/29 MP: 3/3
  1132 | D:2      | Noticed a black bear
  1139 | D:1      | Killed a black bear
  1140 | D:1      | Reached skill level 5 in Polearms
  1140 | D:1      | Reached XP level 4. HP: 23/35 MP: 4/4
  1140 | D:1      | Reached XP level 5. HP: 27/41 MP: 5/5
  1403 | D:2      | Noticed Robin
  1641 | D:1      | Killed Robin
  1847 | D:2      | Reached XP level 6. HP: 47/47 MP: 6/6
  1975 | D:2      | Found a runed translucent door.
  1976 | D:2      | Noticed Crazy Yiuf
  1986 | D:2      | Killed Crazy Yiuf
  1987 | D:2      | Reached skill level 6 in Polearms
  2228 | D:2      | Noticed Terence
  2237 | D:2      | Killed Terence
  2799 | D:3      | Reached XP level 7. HP: 52/52 MP: 7/7
  2823 | D:3      | Noticed Jessica
  2830 | D:3      | Killed Jessica
  2831 | D:3      | Reached skill level 7 in Polearms
  2884 | D:3      | Noticed Ijyb
  2934 | D:3      | Killed Ijyb
  3062 | D:3      | Noticed Sigmund
  3088 | D:3      | Killed Sigmund
  3307 | D:3      | Reached skill level 8 in Polearms
  3694 | D:3      | Found Niaggif's General Store.
  3702 | D:3      | Bought a scroll of noise for 10 gold pieces
  3702 | D:3      | Bought a potion of degeneration for 10 gold pieces
  4214 | D:4      | Reached XP level 8. HP: 58/58 MP: 8/8
  4227 | D:4      | Noticed Edmund
  4253 | D:4      | Killed Edmund
  4323 | D:4      | Reached skill level 9 in Polearms
  4775 | D:5      | Entered Level 5 of the Dungeon
  5011 | D:5      | Noticed Blork the orc
  5026 | D:5      | Killed Blork the orc
  5254 | D:4      | Reached skill level 10 in Polearms
  5733 | D:5      | Reached XP level 9. HP: 64/64 MP: 9/9
  5800 | D:5      | Reached skill level 11 in Polearms
  6956 | D:6      | Found an ancient bone altar of Kikubaaqudgha.
  7027 | D:6      | Noticed Pikel
  7490 | D:6      | HP: 3/64 [lemure[Pikel] (5)]
  7491 | D:6      | HP: 1/64 [lemure[Pikel] (2)]
  7492 | D:6      | Slain by a lemure

Illustrated notes

Levels and vault maps discovered:
D:1:      kilobyte_arrival_exit_the_forest, layout_rooms,
          hellmonk_ecumenical_altar_run_dry, minmay_tromino_v7
D:2:      layout_rooms, uniq_crazy_yiuf_cottage, uniq_robin, uniq_terence
D:3:      layout_rooms, serial_shops, shop, grunt_ministairs_3,
          roderic_serpentine_path, uniq_ijyb, uniq_jessica, uniq_sigmund
D:4:      layout_rooms, uniq_edmund
D:5:      layout_basic, st_stairs_1, uniq_blork_the_orc
D:6:      minmay_diamond_boxcup, layout_basic, kiku_gazebo_garden_becter,
          uniq_pikel

Skill      XL: |  1  2  3  4  5  6  7  8  9 |
---------------+----------------------------+-----
Polearms       | 3 5 6 8 10 11 | 11.8
Fighting       | |  3.2
Armour         | |  3.2
Shields        | |  3.6

Action                   |  1- 3 |  4- 6 |  7- 9 || total
-------------------------+-------+-------+-------++-------
Melee: Trident           |    78 |   169 |   403 ||   650
       Unarmed           |       |       |     4 ||     4
       Halberd           |       |       |    43 ||    43
  Use: Scroll            |     3 |       |     1 ||     4
       Potion            |     1 |       |     4 ||     5
Armor: Scale mail        |    14 |       |       ||    14
       Chain mail        |    13 |    86 |   174 ||   273
       Leather armour    |       |       |     4 ||     4
Dodge: Dodged            |    36 |    65 |   139 ||   240
Block: Buckler           |    15 |    28 |    74 ||   117
